Map: Ultralove

Players

WeAreLegion - Winner!

  • Race: Terran Terran
  • League: Silver
  • Spawn Location: 1:00

fntastic

  • Race: Protoss Protoss
  • League: Silver
  • Spawn Location: 7:00

VOD

Have the link to the VOD?

Description

Time

  • Played on: Dec. 13, 2024, 9:22 p.m.
  • Length: 10:02
Show
View Real Time Build Order
Export as new Build Order

WeAreLegion Terran - Winner!

Build Orders: Reaper Expand 

Get SALT Encoding   

  12  0:00  SCV  
  13  0:12  SCV  
  14  0:17  Supply Depot  
  14  0:24  SCV  
  15  0:38  SCV  
  15  0:39  Barracks  
  16  0:43  Refinery  
  16  0:50  SCV  
  17  1:05  SCV  
  18  1:17  SCV  
  19  1:31  Orbital Command  
  19  1:32  Reaper  
  20  1:43  Command Center  
  20  1:54  Supply Depot  
  20  1:59  SCV  
  21  2:03  Marine  
  21  2:08  Factory  
  22  2:15  SCV  
  23  2:25  Refinery  
  23  2:27  SCV  
  23  2:28  Barracks Reactor  
  24  2:39  SCV  
  26  2:51  SCV  
  26  3:02  Orbital Command  
  26  3:03  SCV  
  27  3:15  SCV  
  28  3:28  Starport  
  28  3:31  SCV  
  28  3:33  SCV  
  30  3:41  Marine x2  
  32  3:42  Factory Tech Lab  
  32  3:43  SCV  
  32  3:45  SCV  
  35  3:55  SCV  
  35  3:57  SCV  
  35  4:01  Supply Depot  
  35  4:02  Siege Tank  
  39  4:04  Marine  
  39  4:07  SCV, Medivac  
  39  4:09  SCV  
  44  4:14  Marine  
  45  4:19  SCV  
  45  4:22  SCV  
  45  4:23  Marine  
  48  4:27  Supply Depot  
  47  4:32  SCV  
  47  4:34  SCV  
  49  4:50  Barracks  
  49  4:51  Barracks  
  49  4:52  SCV x2  
  51  4:54  Marine x2  
  51  4:56  Engineering Bay  
  53  5:04  SCV x2  
  48  5:26  SCV x2  
  48  5:27  Marine x2  
  48  5:28  Siege Tank  
  55  5:38  SCV x2  
  53  6:01  SCV x2  
  55  6:05  Refinery  
  55  6:06  Marine x2  
  55  6:07  Siege Tank, Refinery  
  60  6:13  SCV, Starport Reactor  
  60  6:14  Barracks Tech Lab, Barracks Reactor  
  61  6:23  Barracks  
  61  6:24  Marine  
  61  6:25  Terran Infantry Weapons Level 1, Armory  
  62  6:26  Barracks  
  62  6:32  Marine  
  62  6:33  Supply Depot  
  65  6:40  Supply Depot  
  65  6:47  Command Center  
  63  6:53  Command Center  
  63  6:54  Missile Turret  
  63  7:00  Missile Turret  
  63  7:03  Missile Turret  
  63  7:04  Marine x3  
  63  7:05  Marine x2  
  63  7:07  Stimpack  
  68  7:09  Siege Tank  
  71  7:16  Engineering Bay, Medivac x2  
  71  7:18  Barracks Tech Lab  
  75  7:23  Marauder  
  75  7:26  Marine x3, Terran Vehicle Weapons Level 1  
  75  7:27  Marine  
  81  7:33  Barracks Reactor  
  81  7:41  Siege Tank  
  81  7:44  Marine x2  
  86  7:54  Supply Depot  
  86  7:56  Supply Depot  
  86  7:57  Marine, Marauder  
  88  8:17  Supply Depot  
  88  8:19  Supply Depot, Marauder  
  90  8:22  SCV x2  
  92  8:27  Planetary Fortress  
  92  8:31  Orbital Command  
  92  8:34  SCV x2  
  92  8:37  Marine x4  
  92  8:38  Siege Tank  
  92  8:40  Marine  
  102  8:46  SCV x2  
  104  8:54  Marine  
  105  8:57  Supply Depot  
  105  8:58  Supply Depot, SCV, Marauder  
  105  8:59  SCV  
  109  9:10  Siege Tank  
  112  9:20  Supply Depot x2  
Show
View Real Time Build Order
Export as new Build Order

fntastic Protoss 

Build Orders:  

Get SALT Encoding   

  12  0:09  Probe  
  13  0:19  Pylon  
  13  0:21  Probe  
  14  0:37  Gateway, Probe  
  15  0:45  Probe  
  15  0:49  Assimilator  
  16  0:55  Probe  
  17  1:06  Gateway  
  17  1:07  Probe  
  18  1:20  Probe  
  19  1:51  Cybernetics Core  
  19  1:58  Nexus  
  19  2:03  Pylon  
  19  2:14  Zealot  
  21  2:16  Probe  
  22  2:25  Assimilator  
  22  2:29  Pylon  
  22  2:36  Stalker  
  23  2:53  Warp Gate  
  22  3:27  Twilight Council  
  22  3:30  Gateway  
  22  3:32  Gateway  
  22  3:33  Pylon  
  21  3:56  Probe  
  21  3:58  Probe  
  23  4:07  Adept  
  23  4:08  Adept, Probe  
  28  4:10  Probe  
  29  4:23  Probe  
  30  4:44  Adept  
  30  4:45  Adept  
  34  4:52  Adept x2  
  32  5:25  Adept x3  
  32  5:26  Adept  
  32  5:56  Stalker x3  
  32  5:57  Stalker  
  38  6:07  Probe  
  39  6:19  Blink, Probe  
  40  6:26  Probe  
  40  6:28  Probe  
  42  6:34  Probe  
  42  6:36  Probe  
  43  6:45  Probe  
  44  6:51  Stalker x2  
  44  6:52  Stalker  
  51  7:16  Probe  
  51  7:18  Stalker  
  54  7:26  Pylon  
  54  7:31  Pylon  
  54  7:44  Pylon, Probe x2  
  56  7:56  Probe  
  57  8:06  Assimilator  
  57  8:08  Assimilator, Probe  
  58  8:13  Stalker, Zealot  
  58  8:14  Zealot x2  
  58  8:16  Charge  
  66  8:20  Probe  
  66  8:24  Robotics Facility  
  67  8:30  Robotics Facility  
  67  8:34  Pylon  
  67  8:36  Zealot x2  
  67  8:37  Zealot x2, Pylon  
  67  8:40  Probe  
  76  8:47  Probe  
  77  8:53  Probe  
  78  8:59  Probe  
  79  9:05  Nexus  
  42  9:41  Zealot x3  
  42  9:42  Zealot  
Tags
 
Matchup
PvT
Replay Pack
December
Spawn Locations
Cross Positions
Add a new tag
Caveats
  • Supply blocks, unpowered buildings, or Contaminate may cause inaccurate times.
  • Supply counts are checked every 10 seconds.